AoeStats
← bebebababon

Arabia

509291841Analyzed
4v4 RM · 7d ago on Sep 26, 2026· 52m 26s· 8 players
Game mode
Random Map
Map size
Large (8 player)
Population
200
Speed
Normal
Resources
Standard
Victory
Conquest
Starting age
Dark Age
Ending age
Imperial Age
RankedLock teamsTeams togetherTeam positionsShared explorationLock speedFull tech treeHidden civsTurbo modeCheats
Victory
Defeat
🇷🇺 Ethiopians · Russia
1158
+12
🇮🇳 Magyars · India
1081
+15
🇹🇼 Persians · Taiwan
1065
+16
🇹🇼 Shu · Taiwan
959
+20
🇨🇳 Franks · China
1122
-18
🇭🇰 Byzantines · Hong Kong SAR China
1073
-16
🇨🇳 Mongols · China
1040
-15
🇮🇳 Danes · India
1016
-14
d55663
4:06 Loom
6:19 Loom
8:52 Feudal Age
9:35 Double-Bit Axe
14:36 Forging
20:00 Castle Age
18:52 Horse Collar
20:23 Scale Barding Armor
20:55 Husbandry
20:45 Pikeman
24:47 Bow Saw
24:59 Chain Barding Armor
28:18 Gold Mining
30:17 Iron Casting
37:24 Imperial Age
36:50 Wheelbarrow
35:49 Light Cavalry
37:14 Hussar
38:06 Bloodlines
45:44 Plate Barding Armor
46:10 Blast Furnace
45:40 Conscription
46:20 Hand Cart
48:24 Cavalier
50:23 Savar
我不知道
6:51 Loom
9:31 Feudal Age
15:32 Double-Bit Axe
15:53 Horse Collar
22:14 Castle Age
21:56 Fletching
22:07 Padded Archer Armor
22:28 Crossbowman
23:55 Thumb Ring
24:14 Bodkin Arrow
25:36 Ballistics
26:05 Leather Archer Armor
28:05 Wheelbarrow
32:02 Town Watch
32:57 Hand Cart
35:38 Imperial Age
34:45 Town Patrol
34:58 Heavy Plow
36:38 Gold Mining
37:03 Bow Saw
36:47 Stone Mining
39:04 Arbalester
39:46 Bracer
42:09 Two-Man Saw
42:15 Chemistry
41:49 Ring Archer Armor
41:44 Conscription
--[=====>
10:53 Loom
13:28 Feudal Age
21:14 Castle Age
20:20 Bloodlines
21:22 Horse Collar
21:29 Double-Bit Axe
23:14 Scale Barding Armor
30:01 Wheelbarrow
38:15 Imperial Age
38:14 Husbandry
38:39 Chain Barding Armor
38:26 Heavy Plow
38:38 Bow Saw
38:19 Cavalier
42:43 Corvinian Army
43:11 Hand Cart
48:49 Plate Barding Armor
bebebababon
7:33 Loom
10:21 Feudal Age
14:22 Double-Bit Axe
21:00 Castle Age
19:34 Fletching
21:18 Stone Mining
21:12 Crossbowman
26:39 Padded Archer Armor
26:54 Horse Collar
32:59 Bow Saw
34:43 Gold Mining
35:22 Bodkin Arrow
35:42 Leather Archer Armor
35:44 Thumb Ring
37:24 Wheelbarrow
38:38 Ballistics
42:34 Imperial Age
41:23 Elite Skirmisher
43:07 Pikeman
45:00 Conscription
46:34 Chemistry
48:33 Two-Man Saw
48:24 Murder Holes
f4k3gamer
11:02 Feudal Age
10:29 Loom
15:40 Castle Age
16:46 Fletching
18:12 Thumb Ring
29:21 Double-Bit Axe
31:16 Wheelbarrow
35:05 Bodkin Arrow
35:11 Padded Archer Armor
37:56 Imperial Age
36:54 Ballistics
37:23 Hand Cart
36:53 Horse Collar
37:32 Bow Saw
38:09 Leather Archer Armor
39:05 Conscription
39:04 Cranequins
39:06 Heavy Mounted Crossbowman
41:48 Bracer
42:50 Chemistry
41:57 Siege Engineers
_xy_2252
2:28 Loom
10:55 Feudal Age
12:15 Wheelbarrow
16:28 Castle Age
17:53 Horse Collar
28:02 Town Watch
36:00 Imperial Age
35:26 Gold Mining
37:44 Gold Shaft Mining
40:14 Onager
41:50 Stone Mining
139
4:43 Loom
12:02 Feudal Age
15:59 Castle Age
15:10 Forging
15:06 Scale Barding Armor
16:11 Double-Bit Axe
27:48 Wheelbarrow
28:14 Gold Mining
28:15 Stone Mining
28:47 Chain Barding Armor
31:42 Hand Cart
33:40 Husbandry
35:13 Gold Shaft Mining
38:03 Imperial Age
39:10 Iron Casting
38:58 Cavalier
40:13 Conscription
40:37 Plate Barding Armor
41:03 Blast Furnace
42:14 Paladin
思念漫太古
12:20 Feudal Age
10:38 Loom
12:34 Loom
17:10 Castle Age
15:44 Double-Bit Axe
15:42 Horse Collar
18:51 Wheelbarrow
18:20 Heavy Plow
19:05 Bow Saw
22:37 Gold Mining
25:16 Forging
27:39 Gold Shaft Mining
27:25 Scale Barding Armor
30:52 Hand Cart
38:35 Imperial Age
36:56 Fletching
38:26 Fervor
38:27 Redemption
38:37 Sanctity
39:57 Theocracy
41:01 Chemistry
41:10 Two-Man Saw
40:54 Crop Rotation
41:22 Block Printing
41:32 Illumination
41:41 Pikeman
42:22 Squires
42:11 Arson
43:12 Iron Casting
42:37 Scale Mail Armor
42:41 Halberdier
45:26 Chain Mail Armor
Connection lost

Rejoining the realm…

Still unreachable

The connection could not be restored.

Session expired

The server has moved on; the page needs a fresh start.